← All builds
Front / Armada / Economy first / OBSERVED BUILD

Standard front

Armada Front build order · Supreme Isthmus

Standard economy-first Front play: Bot Lab and Vehicle Plant up almost immediately, Advanced Metal Extractor around 9 minutes, with Blitz, Rocketeer, Pawn and Janus trickling out to hold and push the middle over the full 15 minutes.

#eco · 1186 distinct matches · 145 players · 75% of Armada Front games · team won 62% of 1353 · Recently observed

HOW TO PLAY IT

Key timing: T2 constructor by 7:43

  1. Open mex and wind, drop Bot Lab and Vehicle Plant almost immediately.
  2. Pump Blitz, Rocketeer and Pawn to the coast to stop leaks first.
  3. Add Centurion and Janus once first units are moving up.
  4. Form units into a line pushing toward middle as numbers grow.
  5. Upgrade to Advanced Metal Extractor as the economy transition kicks in.

Phase by phase

TYPICAL OF ITS 1186 GAMES
  1. 1
  2. 2
  3. 3
PLAY THE OPENING

Follow the example game's first 6:00 step by step: what to build now, what comes next, and where it goes. At 1× it keeps pace with your own game.

  1. 1

    Up to the Bot Lab

    Economy
    • Metal Extractor2Mex
    • Wind Turbine1Wind
    Order
    1. Bot LabBot Lab after 3 mex, 1 winddone ~0:45, middle half 0:35–8:13

    Some games also: Vehicle Plant (41%)

    By 0:28 in all: 2 mex · 1 wind

    The example game in this phase · 2 steps
    1. Mex ×3
    2. Solar
  2. 2

    Bot Lab to 5:00

    Economy
    • Metal Extractor4Mex
    • Wind Turbine3Wind
    Army
    • Sentry1 Sentry

    Some games also: rocketeer (46%) · con bot (45%) · Lazarus (44%) · tick (42%) · centurion (37%)

    By 5:00 in all: 6 mex · 7 wind

    The example game in this phase · 19 steps
    1. Vehicle PlantVehicle Plantdone 0:56 · typical 0:47
    2. RoverScout ×3
    3. BlitzBlitz ×3
    4. Construction VehicleCon vehicle ×2
    5. WhistlerMissile truck
    6. Mex
    7. WhistlerMissile truck ×2
    8. Mex
    9. WhistlerMissile truck
    10. Wind
    11. WhistlerMissile truck ×2
    12. Wind
    13. WhistlerMissile truck
    14. SentrySentry
    15. Wind
    16. WhistlerMissile truck
    17. Con turret
    18. WhistlerMissile truck ×4
    19. Mex
  3. 3

    5:00 to 10:00

    Economy
    • Metal Extractor1Mex
    • Wind Turbine14Wind
    Builders
    • Construction Turret2 Con turret
    Army
    • Sentry1 Sentry

    Some games also: energy storage (46%) · rocketeer (40%) · blitz (38%) · pawn (36%) · Lazarus (35%)

    By 10:00 in all: 7 mex · 25 wind · 1 energy storage · 3 con turret

    The example game in this phase · 122 steps
    1. WhistlerMissile truck ×3
    2. Wind
    3. BlitzBlitz
    4. Wind
    5. BlitzBlitz
    6. Mex
    7. Wind
    8. BlitzBlitz
    9. Con turret
    10. BlitzBlitz ×2
    11. Con turret
    12. BlitzBlitz ×2
    13. Wind
    14. BlitzBlitz
    15. Wind
    16. BlitzBlitz
    17. Wind
    18. BlitzBlitz
    19. Wind
    20. BlitzBlitz
    21. Wind
    22. BlitzBlitz
    23. Wind
    24. BlitzBlitz
    25. Wind
    26. BlitzBlitz ×2
    27. Wind
    28. BlitzBlitz
    29. RoverScout
    30. Wind
    31. RoverScout
    32. Wind
    33. RoverScout
    34. Wind
    35. RoverScout
    36. Wind
    37. RoverScout
    38. Construction VehicleCon vehicle
    39. Wind
    40. Construction VehicleCon vehicle
    41. Wind
    42. RoverScout
    43. Wind
    44. RoverScout
    45. Wind
    46. RoverScout ×2
    47. Wind
    48. RoverScout ×5
    49. Wind
    50. RoverScout
    51. Sneaky PeteSneaky Pete
    52. RoverScout
    53. Wind
    54. RoverScout
    55. Converter
    56. RoverScout
    57. Wind
    58. RoverScout
    59. Wind
    60. RoverScout ×2
    61. Converter
    62. RoverScout
    63. Converter
    64. RoverScout
    65. Energy storage
    66. RoverScout ×6
    67. Energy storage
    68. RoverScout ×5
    69. Mex
    70. RoverScout ×4
    71. Mex
    72. RoverScout ×3
    73. BlitzBlitz ×4
    74. Con turret
    75. BlitzBlitz ×4
    76. Advanced Metal ExtractorT2 mexdone 10:41
    77. BlitzBlitz
    78. SentrySentry
    79. Mex
    80. BlitzBlitz ×7
    81. Advanced Metal ExtractorT2 mex
    82. BlitzBlitz ×2
    83. Wind
    84. BlitzBlitz ×4
    85. Wind
    86. BlitzBlitz ×3
    87. Wind
    88. Advanced Metal ExtractorT2 mex
    89. BlitzBlitz
    90. Wind
    91. BlitzBlitz
    92. Wind ×2
    93. BlitzBlitz ×3
    94. Wind
    95. BlitzBlitz ×3
    96. Wind
    97. BlitzBlitz
    98. Wind
    99. BlitzBlitz ×3
    100. Wind
    101. BlitzBlitz ×3
    102. Wind
    103. BlitzBlitz ×2
    104. Wind
    105. BlitzBlitz ×6
    106. Wind
    107. Vehicle PlantVehicle Plantdone 13:09
    108. BlitzBlitz ×2
    109. Wind
    110. BlitzBlitz
    111. Wind
    112. BlitzBlitz
    113. Advanced Metal ExtractorT2 mex
    114. BlitzBlitz ×2
    115. Wind
    116. BlitzBlitz
    117. Construction VehicleCon vehicle
    118. BlitzBlitz
    119. Wind
    120. BlitzBlitz ×3
    121. Wind
    122. BlitzBlitz

Counts are medians over the build's games: half of them build more, half fewer. The example game is AinzIsHere's (47 OS, 10/10/2026); pick another.

Team trades

IN AT LEAST 30% OF ITS GAMES

You hand over

Nothing regular.

You get

  • Tidal Generator4 Tidal from Pondfirst at 0:18 · in 68% of games
  • Advanced Construction Bot1 T2 con bot from Geo or Techfirst at 7:17 · in 67% of games

How it plays out

Typical game of this build, running totals by minute

Metal produced

010k20k30k
0:005:0010:0015:00

metal

Enemy metal destroyed

05k10k
0:005:0010:0015:00

metal

Own metal lost

05k10k
0:005:0010:0015:00

metal

1353 games.

Show as table
ByMetal produced: This buildEnemy metal destroyed: This buildOwn metal lost: This build
1:0033300
2:008442131
3:001621143105
4:002709545333
5:0038551200813
6:00506020801512
7:00629929412450
8:00762437803332
9:00906046094251
10:001066152434952
11:001259157465677
12:001477463056491
13:001737669067192
14:002008975638079
15:002265682958940
WHAT THE NUMBERS SAY

Standard Front play wins more often than Suicide front and produces more metal by 15:00 while losing less of it.

  • + Metal produced reaches 22627 by 15:00, well above Suicide front's 20142.
  • + Own metal lost is 8944 by 15:00, lower than enemy metal destroyed ratio of Suicide front.
  • − First unit lost already at 1:43, showing exposure despite the safer position.
  • − Blitz dominates army share at 25%, leaving fewer Centurion for anti-swarm.
THE EXAMPLE YOU ARE READING

AinzIsHere

46.8 OS · 10/10/2026

Open source match ↗

6 received units · includes a constructor
56 metal received · 21795 energy received

Allied construction assistance is unknown. Timings are observations, not a promise of solo reproducibility.

Typical milestones

Bot Lab0:45Middle 50%: 0:35–8:13 · n=857
Vehicle Plant0:47Middle 50%: 0:40–0:58 · n=946
Advanced Metal Extractor8:53Middle 50%: 8:02–10:00 · n=1079

Played most by

Hummell107games of this buildhaaven104games of this buildLeohvm89games of this buildXad68games of this buildDRM47games of this build